 Dungeon Crawl Stone Soup version 0.24-a0-640-ge7cd8ce (webtiles) character file.

Game seed: 8147447236685225751, levelgen mode: deterministic

1709 Spazmo the Thaumaturge (level 8, 0/41 HPs)
             Began as a Deep Elf Fire Elementalist on Sept 23, 2019.
             Slain by a wyvern (11 damage)
             ... on level 5 of the Dungeon.
             The game lasted 00:12:59 (4602 turns).

Spazmo the Thaumaturge (Deep Elf Fire Elementalist) Turns: 4602, Time: 00:13:00

Health: 0/41       AC:  5    Str:  5    XL:     8   Next: 74%
Magic:  16/23      EV: 13    Int: 23    God:
Gold:   320        SH:  0    Dex: 15    Spells: 15/25 levels left

rFire    . . .     SeeInvis .   g - +2 dagger (elec)
rCold    + + .     Gourm    .   (no shield)
rNeg     . . .     Faith    .   u - +2 robe {rC+}
rPois    .         Spirit   .   (no helmet)
rElec    .         Reflect  .   e - +0 cloak
rCorr    .         Harm     .   (no gloves)
MR       .....                  (no boots)
Stlth    ++........             s - amulet of regeneration
HPRegen  0.53/turn              h - ring of wizardry
MPRegen  0.18/turn              p - ring of protection from cold

@: no status effects
A: no striking features
a: no special abilities


You were on level 5 of the Dungeon.
You were hungry.

You visited 1 branch of the dungeon, and saw 5 of its levels.

You collected 320 gold pieces.

Inventory:

Hand Weapons
 g - a +2 dagger of electrocution (weapon)
Missiles
 j - 262 stones (quivered)
Armour
 e - a +0 cloak (worn)
 u - a +2 robe of cold resistance (worn)
Jewellery
 h - a ring of wizardry (left hand)
 k - an uncursed ring of ice
 p - a ring of protection from cold (right hand)
 s - an amulet of regeneration (around neck)
Wands
 r - a wand of paralysis (7)
Scrolls
 d - a scroll of amnesia
 l - 2 scrolls of remove curse
 m - a scroll of teleportation
 n - a scroll of enchant weapon {unknown}
 v - a scroll of identify
Potions
 b - 3 potions of heal wounds
 f - 2 potions of agility
 i - 3 potions of haste
 q - a potion of berserk rage {unknown}
 t - a potion of ambrosia
Comestibles
 c - 10 rations


   Skills:
 - Level 2.4 Dodging
 - Level 2.4 Stealth
 + Level 9.0 Spellcasting
 + Level 7.1 Conjurations
 + Level 7.8 Fire Magic


You had 15 spell levels left.
You knew the following spells:

 Your Spells              Type           Power        Failure   Level  Hunger
a - Flame Tongue          Conj/Fire      #####        1%          1    None
b - Throw Flame           Conj/Fire      #####.       1%          2    None
c - Conjure Flame         Conj/Fire      #####...     1%          3    None
d - Sticky Flame          Conj/Fire      #####...     1%          4    ##.....

Your spell library contained the following spells:

 Spells                   Type           Power        Failure   Level  Hunger
 Magic Dart               Conj           ####         1%          1    None
 Searing Ray              Conj           #####.       1%          2    None
 Dazzling Spray           Conj/Hex       ####..       1%          3    None
 Inner Flame              Hex/Fire       ####....     1%          3    None
 Iskenderun's Mystic Bla  Conj           #####...     1%          4    ##.....
 Fireball                 Conj/Fire      #####.....   3%          5    ####...
 Force Lance              Conj/Tloc      ####....     6%          4    ##.....
 Fulminant Prism          Conj/Hex       ####......   6%          4    ##.....


Dungeon Overview and Level Annotations

Branches:
Dungeon (5/15)
 Temple: D:4-7

Altars:
Ashenzari


Message History

The flame tongue hits the orc!
You kill the orc!
The wyvern closely misses you.
Casting: Flame Tongue (safe; 1% risk of failure)
Confirm with . or Enter, or press ? or * to list all spells.
Aiming: Sticky Flame (safe; 1% risk of failure)
Press: ? - help, Shift-Dir - straight line, f - wyvern
Aim: a wyvern The sticky flame hits the wyvern.
The wyvern is lightly wounded.
The wyvern is covered in liquid flames!
The wyvern burns!
The wyvern bites you!
Casting: Sticky Flame (safe; 1% risk of failure)
Confirm with . or Enter, or press ? or * to list all spells.
Aiming: Flame Tongue (safe; 1% risk of failure)
Press: ? - help, Shift-Dir - straight line, f/p - wyvern
Aim: a wyvern (lightly wounded, covered in liquid flames)
The flame tongue misses the wyvern.
The wyvern burns!
The wyvern bites you!
* * * LOW HITPOINT WARNING * * *
The wyvern bites you!
You die...

.....###..#.......+ #
#########.#.......##
........#...........
........#..####.... ####
........#..#).##...##..#
........#..#...##.##...#
........#..##...#.#...##
#########...##Sl#.#[.##
.. #....###@..###....
####....).รท.8........
#####.......###...###....
##..........##.'#.#'.##
..
...........##...#.#...##
........#..#...##.##...#
)..[....#..#..##...##..#
........#..#### ... ####
...######... .....


You could see a wyvern (burning) and an adder.

Vanquished Creatures
  Sigmund (D:4)
  Eustachio (D:5)
  Menkaure (D:4)
  Duvessa (D:4)
  An ice beast (D:4)
  An orc warrior (D:4)
  2 ogres
  A scorpion (D:4)
  Dowan (D:4)
  A quasit (D:5)
  A centaur zombie (D:4)
  5 hounds
  An orc priest (D:4)
  2 bullfrog skeletons (D:5)
  4 iguanas
  3 orc wizards
  2 worker ants (D:5)
  A hound zombie (D:5)
  A howler monkey zombie (D:4)
  4 gnolls (D:4)
  A worker ant zombie (D:4)
  7 adders
  A shadow imp (D:5)
  3 adder zombies (D:4)
  7 worms
  A leopard gecko (D:4)
  6 orcs
  2 ball pythons
  6 giant cockroaches
  11 goblins
  4 hobgoblins
  10 jackals
  4 quokkas
  7 bats
  2 frilled lizards
  2 giant cockroach zombies (D:4)
  6 kobolds
  A leopard gecko skeleton (D:5)
  12 rats
128 creatures vanquished.

Notes
Turn   | Place    | Note
-------+----------+-------------------------------------------
     0 | D:1      | Spazmo the Deep Elf Fire Elementalist began the quest for
                  | the Orb.
     0 | D:1      | Reached XP level 1. HP: 10/10 MP: 6/6
   225 | D:1      | Reached XP level 2. HP: 15/15 MP: 2/8
   229 | D:1      | Learned a level 2 spell: Throw Flame
   748 | D:2      | Reached XP level 3. HP: 14/19 MP: 7/10
   753 | D:2      | Learned a level 3 spell: Conjure Flame
   947 | D:2      | Reached skill level 4 in Spellcasting
  1082 | D:2      | Reached XP level 4. HP: 24/24 MP: 6/12
  1095 | D:2      | Learned a level 4 spell: Sticky Flame
  1705 | D:3      | Reached XP level 5. HP: 10/28 MP: 2/14
  2002 | D:4      | Reached skill level 5 in Spellcasting
  2088 | D:4      | Reached skill level 5 in Fire Magic
  2159 | D:4      | Reached XP level 6. HP: 32/32 MP: 0/16
  2370 | D:4      | Noticed an orc warrior
  2382 | D:4      | Killed an orc warrior
  2382 | D:4      | Reached skill level 6 in Spellcasting
  2612 | D:4      | Reached XP level 7. HP: 36/36 MP: 12/18
  2615 | D:4      | Noticed Duvessa
  2776 | D:4      | Reached skill level 5 in Conjurations
  3059 | D:4      | Noticed Sigmund
  3064 | D:4      | Killed Sigmund
  3064 | D:4      | Reached skill level 7 in Spellcasting
  3197 | D:4      | Noticed Dowan
  3204 | D:4      | Killed Dowan
  3229 | D:4      | Killed Duvessa
  3229 | D:4      | Reached XP level 8. HP: 5/41 MP: 3/21
  3748 | D:5      | Entered Level 5 of the Dungeon
  3818 | D:5      | Noticed Eustachio
  3995 | D:5      | Found a shattered altar of Ashenzari.
  4132 | D:5      | Reached skill level 8 in Spellcasting
  4279 | D:5      | Noticed Menkaure
  4329 | D:5      | HP: 1/41 [Menkaure/nerve-wracking pain (14)]
  4334 | D:4      | Killed Menkaure
  4455 | D:5      | Killed Eustachio
  4558 | D:5      | Reached skill level 9 in Spellcasting
  4602 | D:5      | Slain by a wyvern

Levels and vault maps discovered:
D:1:      kennysheep_arrival_seaside, layout_rooms
D:2:      layout_rooms, minmay_unequal
D:3:      layout_basic
D:4:      layout_layer_cave, serial_undead, serial_undead_c, serial_undead_d,
          serial_undead_a, serial_undead_d, first_ration, item_on_display_a,
          uniq_duvessa, uniq_sigmund
D:5:      cheibrodos_barr_body, layout_basic, evilmike_ruin_ashenzari,
          basic_altar, uniq_eustachio, uniq_menkaure

Skill      XL: |  1  2  3  4  5  6  7  8 |
---------------+-------------------------+-----
Conjurations   | 2 3 4 5 7 |  7.1
Spellcasting   | 4 5 6 7 9 |  9.0
Fire Magic     | 4 5 6 7 |  7.8
Dodging        | |  2.4
Stealth        | |  2.4

Action                   |  1- 3 |  4- 6 |  7- 9 || total
-------------------------+-------+-------+-------++-------
Melee: Dagger            |       |     5 |     8 ||    13
 Cast: Flame Tongue      |    63 |    94 |    88 ||   245
       Throw Flame       |       |    13 |    20 ||    33
       Sticky Flame      |       |     5 |    13 ||    18
  Use: Scroll            |     5 |     3 |     3 ||    11
       Potion            |     2 |     2 |     2 ||     6
  Eat: Chunk             |       |     6 |     6 ||    12
Armor: Robe              |       |     7 |    12 ||    19
Dodge: Dodged            |     6 |    19 |    48 ||    73

Table legend:
 A = Non-vault XP
 B = Vault XP
 C = Vault XP percentage of total XP
 D = Non-vault monster count
 E = Vault monster count
 F = Vault count percentage of total count
                 A         B        C        D         E       F
            +---------+---------+-------+---------+---------+-------
      Total |    1323 |    1119 |  45.8 |     106 |      22 |  17.2
            +---------+---------+-------+---------+---------+-------
        D:1 |      20 |       0 |   0.0 |      16 |       0 |   0.0
        D:2 |      76 |       5 |   6.2 |      25 |       3 |  10.7
        D:3 |     134 |       0 |   0.0 |      29 |       0 |   0.0
        D:4 |     695 |     710 |  50.5 |      20 |      12 |  37.5
        D:5 |     398 |     404 |  50.4 |      16 |       7 |  30.4
            +---------+---------+-------+---------+---------+-------
